 Dungeon Crawl Stone Soup version 0.19-a0-1007-g133f65f (webtiles) character file.

11 Implojin the Ruffian (level 2, -3/29 HPs)
             Began as a Troll Fighter on July 20, 2016.
             Slain by SkyDiva's ghost (6 damage)
             ... on level 5 of the Dungeon.
             The game lasted 00:01:34 (320 turns).

Implojin the Ruffian (Troll Fighter)                 Turns: 320, Time: 00:01:35

Health: -3/29      AC:  5    Str: 28    XL:     2   Next: 17%
Magic:  0/1        EV:  8    Int:  4    God:
Gold:   4          SH:  9    Dex:  9    Spells: 0 memorised, 1 level left

rFire  . . .     SeeInvis .       - Unarmed
rCold  . . .     Gourm    +     a - +0 robe
rNeg   . . .     Faith    .     b - +0 shield
rPois  .         Spirit   .     (helmet restricted)
rElec  .         Dismiss  .     (no cloak)
rCorr  .         Reflect  .     (gloves unavailable)
SustAt .         Harm     .     (boots unavailable)
MR     .....                    (no amulet)
Stlth  +.........               (no ring)
                                (no ring)

@: mighty, not resistant to hostile enchantments, very unstealthy
A: unfitting armour, claws 3, fast metabolism 3, gourmand, regeneration 2,
shaggy fur 1, tough skin 2
a: no special abilities


You were on level 5 of the Dungeon.
You were full.

You visited 1 branch of the dungeon, and saw 5 of its levels.

You collected 46 gold pieces.
You spent 42 gold pieces at shops.

Inventory:

Missiles
 h - a throwing net (quivered)
Armour
 a - a +0 robe (worn)
 b - a +0 shield (worn)
Scrolls
 e - 4 scrolls of identify {unknown}
 f - a scroll of teleportation {unknown}
Potions
 g - 2 potions of curing {unknown}
Comestibles
 d - 2 bread rations


   Skills:
 - Level 2.4 Fighting
 - Level 2.4 Dodging
 - Level 2.4 Shields
 * Level 2.9 Unarmed Combat


You had one spell level left.
You didn't know any spells.

Dungeon Overview and Level Annotations

Branches:
Dungeon (5/15)
 Temple: D:4-7

Altars:

Shops:
D:4 (

Annotations:
D:5 SkyDiva's ghost, novice DDFi


Innate Abilities, Weirdness & Mutations

You are too large for most types of armour.
You have claws for hands.
Your metabolism is lightning-fast.
You like to eat raw meat.
You heal very quickly.
You are covered in fur. (AC +1)
You have very tough skin. (AC +2)


Message History

You block SkyDiva's ghost's attack.
You completely miss SkyDiva's ghost.
SkyDiva's ghost is moderately damaged.
You block SkyDiva's ghost's attack.
Unknown command.
You mangle SkyDiva's ghost!!
SkyDiva's ghost is heavily damaged.
SkyDiva's ghost hits you.
You feel your power leaking away.
You barely miss SkyDiva's ghost.
SkyDiva's ghost is heavily damaged.
You block SkyDiva's ghost's attack.
You completely miss SkyDiva's ghost.
SkyDiva's ghost is heavily damaged.
SkyDiva's ghost whispers, "The ORB doesn't exist."
SkyDiva's ghost hits you.
Your shield prevents you from hitting SkyDiva's ghost.
SkyDiva's ghost is heavily damaged.
SkyDiva's ghost barely misses you.
You scratch SkyDiva's ghost.
SkyDiva's ghost is heavily damaged.
SkyDiva's ghost hits you!
* * * LOW HITPOINT WARNING * * *
Unknown command.
You claw SkyDiva's ghost!
SkyDiva's ghost is severely damaged.
SkyDiva's ghost closely misses you. You block SkyDiva's ghost's attack.
Your shield prevents you from hitting SkyDiva's ghost.
SkyDiva's ghost is severely damaged.
SkyDiva's ghost hits you!
Ouch! That really hurt!
* * * LOW HITPOINT WARNING * * *
Unknown command.
You claw SkyDiva's ghost!
SkyDiva's ghost is almost destroyed.
You block SkyDiva's ghost's attack.
You scratch SkyDiva's ghost but do no damage.
SkyDiva's ghost is almost destroyed.
SkyDiva's ghost hits you.
You die...

###.######
.......@.#
###..###W#
# .# .# ..
.. ... ...


You could see SkyDiva's ghost.

Vanquished Creatures
  A worm (D:2)
  A bat skeleton (D:2)
  A bat zombie (D:2)
  A hobgoblin (D:3)
  2 giant newts (D:4)
  2 kobolds (D:2)
  3 rats
11 creatures vanquished.

Notes
Turn   | Place    | Note
-------+----------+-------------------------------------------
     0 | D:1      | Implojin the Troll Fighter began the quest for the Orb.
     0 | D:1      | Reached XP level 1. HP: 22/22 MP: 0/0
   144 | D:3      | Reached XP level 2. HP: 27/29 MP: 1/1
   290 | D:4      | Found Nanomatu's Weapon Shoppe.
   297 | D:4      | Bought a throwing net for 42 gold pieces
   307 | D:5      | Entered Level 5 of the Dungeon
   307 | D:5      | Noticed SkyDiva's ghost (novice DDFi)
   320 | D:5      | Slain by SkyDiva's ghost

Vault maps used:
D:1:      elethiomel_arrival_maze
D:2:      old_standard_altar, nicolae_dithmenos_through_a_glass_darkly,
          serial_undead, serial_undead_b, serial_undead_c, serial_undead_b,
          serial_undead_d, serial_undead_e
D:3:      marbit_many_paths, grunt_pakellas_basics
D:4:      lemuel_doored_altar, nicolae_tso_swordbearing_angel,
          okawaru_gym_becter, serial_shops, nicolae_shop_trees, uniq_edmund
D:5:      kennysheep_mini_moat, zin_purify, nicolae_overflow_crystal_walls,
          first_bread, trog_three_pillars_becter

Action                   || total
-------------------------++-------
Melee: Unarmed           ||    39
  Use: Potion            ||     1
  Eat: Chunk             ||     5
Armor: Robe              ||     8
Dodge: Dodged            ||    14
Block: Shield            ||    20

Table legend:
 A = Turns spent in this place as a percentage of turns spent in the entire game.
 B = Non-inter-level travel turns spent in this place as a percentage of non-inter-level travel turns spent in the entire game.
 C = Inter-level travel turns spent in this place as a percentage of turns spent in this place.
 D = Turns resting spent in this place as a percentage of non-inter-level travel turns spent in this place.
 E = Turns spent auto-exploring this place as a percentage of non-inter-level travel turns spent in this place.
 F = Non-inter-level travel turns spent in this place divided by the number of levels of this place that you've seen.
                   A       B       C       D       E      F
               +-------+-------+-------+-------+-------+----------------------
         Total | 100.0 | 100.0 |   0.0 |   0.0 |   0.0 |  63.8
       Dungeon | 100.0 | 100.0 |   0.0 |   0.0 |   0.0 |  63.8
               +-------+-------+-------+-------+-------+----------------------

Table legend:
 A = Kills in this place as a percentage of kills in entire the game.
 B = Kills by you in this place as a percentage of kills by you in the entire game.
 C = Kills by friends in this place as a percentage of kills by friends in the entire game.
 D = Other kills in this place as a percentage of other kills in the entire game.
 E = Experience gained in this place as a percentage of experience gained in the entire game.
 F = Experience gained in this place divided by the number of levels of this place that you have seen.
                   A       B       C       D       E      F
               +-------+-------+-------+-------+-------+----------------------
         Total | 100.0 | 100.0 |  -nan |  -nan | 100.0 |   3.4
       Dungeon | 100.0 | 100.0 |  -nan |  -nan | 100.0 |   3.4
               +-------+-------+-------+-------+-------+----------------------
